 Dungeon Crawl Stone Soup version 0.30-b1-5-g8e6c1be481 (webtiles) character file.

Game seed: 16891401897758997667

354 Mysteryquy the Chopper (level 6, -1/118 HPs)
             Began as a Hill Orc Fighter on May 4, 2023.
             Slain by an orc
             ... wielding a +0 flail
              (6 damage)
             ... on level 4 of the Dungeon.
             The game lasted 00:03:41 (2653 turns).

Mysteryquy the Chopper (Hill Orc Fighter)           Turns: 2653, Time: 00:03:42

Health: -1/118     AC: 23    Str: 18 (21) XL:     6   Next: 62%
Magic:  6/6        EV:  2    Int:  6 (8)  God:
Gold:   194        SH:  4    Dex:  7 (10) Spells: 5/5 levels left

rFire   . . .        a - +0 war axe
rCold   . . .        c - +0 buckler
rNeg    . . .        r - melded +2 ring mail {rPois}
rPois   +            (helmet currently unavailable)
rElec   .            m - melded +0 cloak of Fops {MP+9}
rCorr   .            (gloves currently unavailable)
SInv    .            y - melded +0 pair of boots {Fly}
Will    .....        (no amulet) Stlth
                     (no ring)
HPRegen 0.39/turn    (no ring)
MPRegen 0.10/turn

%: no passive effects
@: brilliant, berserking, tree-form, very quick
A: stationary, stasis, torment immunity, boosted hp
a: no special abilities


You were on level 4 of the Dungeon.
You were a tree.
You visited 1 branch of the dungeon, and saw 4 of its levels.

You collected 194 gold pieces.

Inventory:

Hand Weapons
 a - a +0 war axe (weapon)
Missiles
 v - 2 poisoned darts (quivered)
Armour
 b - a +0 scale mail
 c - a +0 buckler (worn)
 k - a +3 scale mail
 m - the +0 cloak of Fops (melded) {MP+9}
   (You found it on level 2 of the Dungeon)

   MP:        It affects your magic capacity (+9).
 n - a +0 pair of boots
 r - a +2 ring mail of poison resistance (melded)
 y - a +0 pair of boots of flying (melded)
Scrolls
 e - a scroll of magic mapping {unknown}
 h - 5 scrolls of teleportation {unknown}
 i - 4 scrolls of identify {unknown}
 o - a scroll of blinking {unknown}
 s - a scroll of enchant armour {unknown}
 t - a scroll of silence {unknown}
 w - a scroll of amnesia {unknown}
Potions
 d - 2 potions of might
 g - a potion of lignification
 p - a potion of berserk rage
 q - 2 potions of attraction {unknown}
 u - a potion of haste {unknown}
 x - a potion of curing {unknown}


   Skills:
 + Level 4.7 Fighting
 + Level 5.7 Axes
 + Level 4.8 Armour
 + Level 1.5 Dodging
 + Level 0.2 Stealth
 + Level 4.1 Shields


You had 5 spell levels left.
You didn't know any spells.
Your spell library contained the following spells:

 Spells                   Type           Power      Damage    Failure   Level
 Apportation              Tloc           0%         N/A       52%         1
 Alistair's Intoxication  Tmut/Pois      0%         N/A       100%        5
 Freezing Cloud           Conj/Ice/Air   0%         6-21      100%        5
 Necromutation            Tmut/Necr      0%         N/A       100%        8


Dungeon Overview and Level Annotations

Branches:
Dungeon (4/15)
 Temple: D:4-7

Altars:
Cheibriados
Uskayaw
Wu Jian
Xom


Message History

The +0 cloak of Fops {MP+9} melds into your body.
Your +0 pair of boots of flying melds into your body.
Your +2 ring mail of poison resistance melds into your body.
You feel your magic capacity decrease.
You float gracefully downwards.
You no longer feel resistant to poison.
Your roots penetrate the ground.
The orc hits you but does no damage.
The orc wizard hits you but does no damage.
Okay, then.
You cannot move. (Use ctrl+direction or * direction to attack while stationary and confused.)
You cannot move. (Use ctrl+direction or * direction to attack while stationary and confused.)
You barely miss the orc wizard.
The orc wizard is moderately wounded.
You closely miss the orc. The orc barely misses you.
The orc wizard hits you but does no damage.
You attack the rock wall.
The orc hits you with a +0 flail.
* * * LOW HITPOINT WARNING * * *
The orc wizard hits you but does no damage.
You attack the rock wall.
You feel less confused. You block the orc's attack.
The orc wizard hits you with a +0 dagger.
* * * LOW HITPOINT WARNING * * *
It was a potion of brilliance.
You feel clever all of a sudden. The orc hits you but does no damage.
The orc wizard hits you but does no damage.
It was a potion of degeneration.
There was something very wrong with that liquid.
You feel weakened.
You feel dopey.
You feel clumsy. You block the orc's attack.
The orc wizard hits you with a +0 dagger.
* * * LOW HITPOINT WARNING * * *
It was a potion of magic.
Magic courses through your body. The orc hits you but does no damage.
The orc wizard hits you but does no damage.
It was a potion of berserk rage.
A red film seems to cover your vision as you go berserk!
You feel yourself moving faster!
You feel mighty! The orc hits you with a +0 flail.
You die...

#...#### ##.##
#.# #+# #.# #.#
#.#######
##.#####
#.......#
#.......
#.......###...##
#.......##.....##
#.............♣o#
#.......###..##o#
#.......# #.##
{o. #.......# #.#
##.# #########
#.o .# ### #


You could see an orc wizard and 2 orcs.

Vanquished Creatures
  An orc warrior (D:4)
  3 crimson imps (D:3)
  An iguana (D:4)
  Robin (D:3)
  2 adders
  2 worms (D:2)
  2 dart slugs
  An orc (D:4)
  9 bats
  8 endoplasms
  2 giant cockroaches
  3 hobgoblins
  7 jackals (D:2)
  3 kobolds
  6 quokkas
  10 ball pythons
  3 frilled lizards
  22 goblins
  2 rats
88 creatures vanquished.

Notes
Turn   | Place    | Note
-------+----------+-------------------------------------------
     0 | D:1      | Mysteryquy the Hill Orc Fighter began the quest for the
                  | Orb.
     0 | D:1      | Reached XP level 1. HP: 19/19 MP: 1/1
   188 | D:1      | Reached XP level 2. HP: 26/27 MP: 2/2
   204 | D:1      | Reached skill level 3 in Axes
   394 | D:1      | Got the Encyclopedia of the Shapeshifter and Ice
   736 | D:2      | Reached XP level 3. HP: 30/33 MP: 3/3
   817 | D:2      | Identified the +0 cloak of Fops {MP+9}
  1057 | D:2      | Found a snail-covered altar of Cheibriados.
  1147 | D:2      | Reached XP level 4. HP: 40/40 MP: 4/4
  1272 | D:3      | Noticed Robin
  1283 | D:3      | Killed Robin
  1288 | D:3      | Reached skill level 4 in Axes
  1653 | D:3      | Found a shimmering altar of Xom.
  1691 | D:3      | Reached XP level 5. HP: 38/47 MP: 5/5
  1737 | D:3      | Found an ornate altar of the Wu Jian Council.
  2083 | D:3      | Reached skill level 5 in Axes
  2197 | D:3      | Reached skill level 1 in Dodging
  2392 | D:4      | Reached XP level 6. HP: 53/53 MP: 6/6
  2396 | D:4      | Found a hide-covered altar of Uskayaw.
  2631 | D:4      | Noticed an orc warrior
  2643 | D:4      | Killed an orc warrior
  2649 | D:4      | HP: 3/79 [orc wizard/+0 dagger (1)]
  2653 | D:4      | Slain by an orc

Illustrated notes

Levels and vault maps discovered:
D:1:      kennysheep_arrival_forest, layout_basic
D:2:      layout_rooms, basic_altar
D:3:      layout_basic, led_xom_imps, nicolae_wu_jian_immortal_techniques,
          uniq_robin
D:4:      layout_loops_corners, amcnicky_altar_gilded, zin_academy,
          serial_shops, nicolae_shop_overgrown_old_shop

Skill      XL: |  1  2  3  4  5 |
---------------+----------------+-----
Axes           | 3 4 5 |  5.7
Fighting       | 4 |  4.7
Armour         | 4 |  4.8
Shields        | 4 |  4.1
Dodging        | 1 |  1.5
Stealth        | |  0.2

Action                     |  1- 3 |  4- 6 || total
---------------------------+-------+-------++-------
  Melee: War axe           |   118 |   132 ||   250
    Use: Potion            |       |     5 ||     5
 Armour: Scale mail        |    85 |    24 ||   109
         Ring mail         |       |    49 ||    49
         Skin              |       |     8 ||     8
  Dodge: Dodged            |    62 |    63 ||   125
  Block: Buckler           |    21 |    32 ||    53
